 Dungeon Crawl Stone Soup version 0.23-a0-370-gf497b7c (webtiles) character file.

7801 Moebius the Thaumaturge (level 11, -15/78 HPs)
             Began as a Mummy Necromancer on Oct 19, 2018.
             Was a Priest of Vehumet.
             Killed by the air
             ... invoked by Gastronok
              (27 damage)
             ... on level 1 of the Lair of Beasts on Oct 24, 2018.
             The game lasted 00:52:19 (10366 turns).

Moebius the Thaumaturge (Mummy Necromancer)        Turns: 10366, Time: 00:52:20

Health: -15/78     AC:  7    Str: 11    XL:     11   Next: 1%
Magic:  11/25      EV: 18    Int: 19    God:    Vehumet [***...]
Gold:   270        SH:  0    Dex: 16    Spells: 21/31 levels left

rFire    . . .     SeeInvis +   A - +7 halberd of Canyseve {drain, rElec rN+ Dex+4}
rCold    + . .     Gourm    .   (shield currently unavailable)
rNeg     + + +     Faith    .   E - +1 leather armour {rF+}
rPois    ∞         Spirit   .   i - +1 hat
rElec    +         Reflect  .   n - scarf {cloud immunity}
rCorr    .         Harm     .   p - +1 pair of gloves
MR       +....                  (no boots)
Stlth    ++........             h - amulet of the acrobat
HPRegen  0.23/turn              u - ring of see invisible
MPRegen  0.19/turn              C - +6 ring of evasion

@: no status effects
A: no food or potions, fire vulnerability, cold resistance 1, negative energy
resistance 3, torment resistance, unbreathing
a: Renounce Religion


You were on level 1 of the Lair of Beasts.
You worshipped Vehumet.
Vehumet was most pleased with you.
You were not hungry.

You visited 3 branches of the dungeon, and saw 12 of its levels.

You collected 432 gold pieces.
You spent 162 gold pieces at shops.

Inventory:

Hand Weapons
 m - a +2 short sword of venom
 A - the +7 halberd of Canyseve (weapon) {drain, rElec rN+ Dex+4}
   (You bought it in a shop on level 5 of the Dungeon)

   A truly terrible weapon, it drains the life of those it strikes.
   It affects your dexterity (+4).
   It insulates you from electricity.
   It protects you from negative energy.
 H - a +0 shortbow
Missiles
 c - 107 arrows
 f - 4 tomahawks
 q - 45 poisoned needles
 D - 148 stones (quivered)
 I - 8 steel tomahawks
Armour
 i - a +1 hat (worn)
 n - a scarf of cloud immunity (worn)
 p - a +1 pair of gloves (worn)
 E - a +1 leather armour of fire resistance (worn)
Jewellery
 h - an amulet of the acrobat (around neck)
 u - a ring of see invisible (left hand)
 C - a +6 ring of evasion (right hand)
Wands
 a - a wand of digging (11)
 d - a wand of paralysis (19)
 o - a wand of flame (53)
 r - a wand of random effects (37)
 t - a wand of enslavement (50)
 x - a wand of polymorph (8)
Scrolls
 b - a scroll of blinking
 j - 3 scrolls of remove curse
 k - 5 scrolls of identify
 v - 2 scrolls of teleportation
 z - a scroll of enchant armour
 G - 2 scrolls of amnesia


   Skills:
 + Level 4.9 Fighting
 - Level 1.4(2.7) Short Blades
   Level 3.7(3.9) Long Blades
 * Level 7.9 Polearms
 - Level 1.5 Dodging
 - Level 1.5 Stealth
 + Level 10.6 Spellcasting
 + Level 9.2 Necromancy
 + Level 1.1 Earth Magic


You had 21 spell levels left.
You knew the following spells:

 Your Spells              Type           Power        Failure   Level  Hunger
a - Pain                  Necr           ####         1%          1    N/A
b - Animate Skeleton      Necr           N/A          1%          1    N/A
c - Vampiric Draining     Necr           #####.....   1%          3    N/A
d - Animate Dead          Necr           N/A          1%          4    N/A
e - Sandblast             Erth           ##....       1%          1    N/A

Your spell library contained the following spells:

 Spells                   Type           Power        Failure   Level  Hunger
 Static Discharge         Conj/Air       ##......     7%          3    N/A
 Apportation              Tloc           ##....       9%          1    N/A
 Summon Butterflies       Summ           ##......     9%          1    N/A
 Lesser Beckoning         Tloc           ##........   26%         3    N/A
 Tukima's Dance           Hex            ##......     26%         3    N/A
 Alistair's Intoxication  Tmut/Pois      ##......     94%         5    N/A
 Invisibility             Hex            ##......     100%        6    N/A
 Regeneration             Chrm/Necr      Unusable     N/A         3    N/A

Dungeon Overview and Level Annotations

Branches:
Dungeon (10/15)            Temple (1/1) D:6            Lair (1/6) D:9
    Orc: D:9-12

Altars:
Ashenzari
Cheibriados
Dithmenos
Elyvilon
Fedhas
Gozag
Hepliaklqana
Kikubaaqudgha
Makhleb
Nemelex Xobeh
Okawaru
Qazlal
Ru
Sif Muna
Trog
Uskayaw
Vehumet
Wu Jian
Xom
Yredelemnul
Zin
The Shining One
Lugonu

Shops:
D:4 =   D:5 (   D:8 }

Annotations:
D:3 3 runed doors, galech's ghost, amateur DsFi
Lair:1 Gastronok


Innate Abilities, Weirdness & Mutations

You do not eat or drink.
Your flesh is vulnerable to fire.
You are immune to poison.
Your flesh is cold resistant. (rC+)
You are immune to negative energy. (rN+++)
You are immune to unholy pain and torment.
You can survive without breathing.


Message History

Casting: Vampiric Draining (safe; 1% risk of failure)
Confirm with . or Enter, or press ? or * to list all spells.
Aiming: Vampiric Draining (safe; 1% risk of failure)
Press: ? - help, Shift-Dir - straight line, f/p - Gastronok
Aim: Gastronok, wearing the +3 hat of Pondering {ponderous, MR+ MP+10 Int+5} Gastronok is severely wounded.
You feel life coursing into your body. The river rat closely misses you.
The river rat misses you.
Casting: Vampiric Draining (safe; 1% risk of failure)
Confirm with . or Enter, or press ? or * to list all spells.
Aiming: Vampiric Draining (safe; 1% risk of failure)
Press: ? - help, Shift-Dir - straight line, f/p - Gastronok
Aim: Gastronok, wearing the +3 hat of Pondering {ponderous, MR+ MP+10 Int+5} Gastronok is severely wounded.
You feel life coursing into your body. The river rat closely misses you.
The river rat bites you.
* * * LOW HITPOINT WARNING * * *
Gastronok waves his eye-stalks in wide circles.
The air twists around and strikes you!
You die...

#.. #..# ##..#
#P..##
#...########..
#.)....r......
#.....@w......
##......r......
#..<.###.###P##
........## ##
#.......#
#.#####.# # #.#
#.. #.#


You could see Gastronok and 2 river rats.

Vanquished Creatures
  Erica (D:8)
  Pikel (D:5)
  A cyclops (D:8)
  A deep elf mage (D:9)
  Joseph (D:7)
  Grinder (D:4)
  A hippogriff (D:8)
  Eustachio (D:5)
  A wyvern (D:9)
  A human (D:9)
  2 yaks (D:9)
  Grum (D:8)
  3 hogs (D:9)
  A small abomination (D:9)
  A hungry ghost (D:8)
  Duvessa (D:6)
  2 ice beasts
  2 black bears
  2 necrophages
  A sky beast (D:8)
  3 ogres
  3 wolves (D:8)
  A phantom (D:8)
  A centaur (D:8)
  Blork the orc (D:5)
  3 bullfrogs
  Dowan (D:6)
  2 wyvern skeletons
  3 scorpions
  4 killer bees
  4 wights (D:7)
  2 howler monkeys
  5 crimson imps
  4 bullfrog zombies
  2 centaur skeletons
  4 orc wizards
  2 orc priests (D:5)
  6 hounds
  An iguana (D:8)
  2 jellies
  Natasha (thrice) (D:2)
  7 worker ants
  A hound zombie (D:8)
  2 hound skeletons
  12 adders
  4 gnolls (D:3)
  A howler monkey skeleton (D:6)
  A shadow imp (D:5)
  An ooze (D:2)
  4 adder skeletons
  A dart slug (D:3)
  6 leopard geckos
  20 orcs
  6 bats
  11 giant cockroaches
  14 goblins
  9 hobgoblins
  5 jackals
  4 quokkas
  4 ball pythons
  3 frilled lizards
  A jackal skeleton (D:7)
  6 kobolds
  7 rats
213 creatures vanquished.

Vanquished Creatures (collateral kills)
  A phantom (D:9)
  An ogre (D:9)
  4 adders
  An ooze (D:1)
  A leopard gecko (D:1)
  3 orcs
  2 bats (D:1)
  3 giant cockroaches
  2 hobgoblins (D:2)
  2 jackals
  3 kobolds (D:2)
  A quokka (D:8)
  A frilled lizard (D:3)
25 creatures vanquished.

Vanquished Creatures (others)
  An orc (D:5)
  2 fungi (D:3)
  2 plants (D:3)
5 creatures vanquished.

Grand Total: 243 creatures vanquished

Notes
Turn   | Place    | Note
-------+----------+-------------------------------------------
     0 | D:1      | Moebius the Mummy Necromancer began the quest for the Orb.
     0 | D:1      | Reached XP level 1. HP: 13/13 MP: 4/4
    90 | D:1      | Learned a level 1 spell: Animate Skeleton
   184 | D:1      | Reached XP level 2. HP: 7/19 MP: 1/5
   351 | D:1      | Reached skill level 3 in Spellcasting
   545 | D:2      | Reached XP level 3. HP: 9/24 MP: 1/7
   921 | D:1      | You fall through a shaft!
   921 | D:2      | Noticed Natasha
   934 | D:2      | Killed Natasha
   934 | D:2      | Reached skill level 4 in Spellcasting
  1192 | D:2      | Learned a level 3 spell: Vampiric Draining
  1245 | D:2      | Reached XP level 4. HP: 23/30 MP: 10/10
  1251 | D:2      | Learned a level 4 spell: Animate Dead
  1262 | D:2      | Reached skill level 5 in Necromancy
  1268 | D:2      | Noticed Natasha
  1278 | D:2      | Killed Natasha
  1284 | D:2      | Noticed Natasha
  1299 | D:2      | HP: 1/30 [Natasha (6)]
  1303 | D:2      | Killed Natasha
  1629 | D:2      | Reached XP level 5. HP: 35/35 MP: 10/12
  1742 | D:2      | Reached skill level 5 in Spellcasting
  2034 | D:1      | Found a glowing silver altar of Zin.
  2256 | D:2      | Upgraded the game from 0.23-a0-344-ge122d05 to
                  | 0.23-a0-370-gf497b7c
  2480 | D:3      | Found a shadowy altar of Dithmenos.
  2584 | D:3      | Reached skill level 1 in Fighting
  2921 | D:3      | Found a radiant altar of Vehumet.
  2921 | D:3      | Found a burning altar of Makhleb.
  2926 | D:3      | Reached XP level 6. HP: 43/43 MP: 12/14
  2976 | D:3      | Became a worshipper of Vehumet
  3074 | D:4      | Noticed Grinder
  3084 | D:3      | Found a shimmering altar of Xom.
  3084 | D:3      | Found an opulent altar of Gozag.
  3367 | D:3      | Found a runed gate.
  3367 | D:3      | Found a runed gate.
  3369 | D:3      | Found a runed gate.
  3563 | D:3      | Noticed galech's ghost (amateur DsFi)
  3653 | D:4      | Reached skill level 1 in Short Blades
  3682 | D:5      | Entered Level 5 of the Dungeon
  3834 | D:4      | Found a basalt altar of Yredelemnul.
  3941 | D:4      | Found Karoizio's Jewellery Boutique.
  4064 | D:4      | Paralysed by Grinder for 7 turns
  4075 | D:4      | Killed Grinder
  4075 | D:4      | Reached skill level 1 in Long Blades
  4075 | D:4      | Reached skill level 6 in Spellcasting
  4075 | D:4      | Reached XP level 7. HP: 18/49 MP: 14/16
  4342 | D:5      | Noticed Pikel
  4373 | D:5      | Killed Pikel
  4373 | D:5      | Reached skill level 7 in Spellcasting
  4373 | D:5      | Reached XP level 8. HP: 32/57 MP: 2/18
  4814 | D:5      | Noticed Eustachio
  4832 | D:5      | Killed Eustachio
  4856 | D:5      | Noticed Blork the orc
  4877 | D:5      | Killed Blork the orc
  4877 | D:5      | Reached skill level 8 in Spellcasting
  5276 | D:5      | Found Siarihoj's Antique Weapon Shoppe.
  5279 | D:5      | Bought a transparent halberd for 162 gold pieces
  5279 | D:5      | Identified the +7 halberd of Canyseve {drain, rElec rN+
                  | Dex+4} (You bought it in a shop on level 5 of the Dungeon)
  5506 | D:6      | Found a staircase to the Ecumenical Temple.
  5512 | Temple   | Entered the Ecumenical Temple
  5779 | D:6      | Noticed Duvessa
  5788 | D:6      | Killed Duvessa
  5788 | D:6      | Reached skill level 1 in Polearms
  5788 | D:6      | Noticed Dowan
  5800 | D:6      | Killed Dowan
  6111 | D:6      | Found a white marble altar of Elyvilon.
  6324 | D:6      | Found a glowing silver altar of Zin.
  6515 | D:6      | Found a bloodstained altar of Trog.
  6560 | D:6      | Reached * piety under Vehumet
  6560 | D:6      | Offered knowledge of Sandblast by Vehumet.
  6563 | D:6      | Learned a level 1 spell: Sandblast
  6581 | D:6      | Reached XP level 9. HP: 64/64 MP: 21/21
  7145 | D:7      | Found an iron altar of Okawaru.
  7175 | D:7      | Noticed Joseph
  7190 | D:7      | Killed Joseph
  7190 | D:7      | Reached skill level 9 in Spellcasting
  7526 | D:8      | Noticed Erica
  7649 | D:8      | Found Vehoikiez's Gadget Emporium.
  7689 | D:8      | Found a sacrificial altar of Ru.
  8062 | D:8      | Killed Erica
  8062 | D:8      | Reached skill level 5 in Polearms
  8067 | D:8      | Reached XP level 10. HP: 63/71 MP: 10/23
  8131 | D:8      | Reached ** piety under Vehumet
  8139 | D:8      | Found a hide-covered altar of Uskayaw.
  8146 | D:8      | Offered knowledge of Searing Ray by Vehumet.
  8348 | D:8      | Noticed Grum
  8367 | D:8      | Killed Grum
  8369 | D:8      | Reached skill level 10 in Spellcasting
  8421 | D:8      | Found an ornate altar of the Wu Jian Council.
  8689 | D:7      | Identified a scroll of acquirement
  8943 | D:8      | Found a sparkling altar of Nemelex Xobeh.
  9014 | D:8      | Noticed a cyclops
  9030 | D:8      | Killed a cyclops
  9047 | D:8      | Reached skill level 1 in Earth Magic
  9077 | D:8      | Offered knowledge of Static Discharge by Vehumet.
  9702 | D:9      | Found a transporter.
  9708 | D:9      | Found a transporter.
  9711 | D:9      | Found a corrupted altar of Lugonu.
  9715 | D:9      | Noticed a purple ugly thing
  9715 | D:9      | Noticed a white ugly thing
  9738 | D:9      | Noticed a deep elf mage
  9752 | D:9      | Noticed a soul eater
  9754 | D:9      | Killed a deep elf mage
  9802 | D:10     | Entered Level 10 of the Dungeon
  9914 | D:9      | Reached *** piety under Vehumet
 10143 | D:9      | Found a staircase to the Lair.
 10167 | D:9      | Reached XP level 11. HP: 69/78 MP: 25/25
 10345 | Lair:1   | Entered Level 1 of the Lair of Beasts
 10345 | Lair:1   | Noticed Gastronok
 10366 | Lair:1   | Killed from afar by Gastronok

Vault maps used:
D:1:      minmay_arrival_shattered_statue, st_stairs_5, kennysheep_flooded_box,
          serial_park_tiny_2, minmay_tetromino_i4
D:2:      minmay_wonky_spiral, first_ration, minmay_misc_feat_x, uniq_natasha
D:3:      grunt_temple_overflow_lords_of_destruction,
          nicolae_dithmenos_shadow_blocks, gammafunk_temple_overflow_elements,
          gammafunk_ghost_nasty_kobolds, serial_forest,
          infiniplex_forest_straight_4, infiniplex_forest_zigzag_1,
          infiniplex_forest_lined_2, infiniplex_forest_fountain,
          infiniplex_forest_zigzag_2, infiniplex_forest_side_room,
          infiniplex_forest_straight_3, infiniplex_forest_clump_cross
D:4:      old_standard_altar, serial_shops, shop, uniq_grinder
D:5:      serial_shops, kennysheep_mini_moat, uniq_blork_the_orc, uniq_pikel,
          uniq_eustachio
D:6:      lemuel_coloured_pillars_altar, bloody_trog, temple_green, basic_altar,
          minmay_misc_feat_encased, kennysheep_generic_room_12, uniq_duvessa
D:7:      nicolae_overflow_crystal_walls, uniq_joseph
D:8:      nicolae_overflow_hidden_temple, lemuel_crystal_altar,
          overflow_temple_1_default, nicolae_ru_sacrificial_ziggurat,
          serial_shops, nicolae_shop_behind_doors,
          nicolae_ossuary_entry_monument, minmay_misc_feat_ornament,
          kennysheep_kite_vault, uniq_erica, uniq_grum
D:9:      gammafunk_corrupted_shrine, lair_entry_dummy, grunt_livestock
D:10:     gammafunk_ghost_stat_death
Temple:   compressed_dpeg_triangle_lava_temple
Lair:1:   lab_entry_generic, grunt_megastairs_4, uniq_gastronok

Skill      XL: |  1  2  3  4  5  6  7  8  9 10 |
---------------+-------------------------------+-----
Spellcasting   | 3 4 5 6 7 8 9 10 | 10.6
Necromancy     | 5 6 7 8 9 |  9.2
Fighting       | 1 2 3 4 |  4.9
Short Blades   | 1 |  1.4
Long Blades    | 1 3 |  3.7
Polearms       | 2 5 7 |  7.9
Earth Magic    | 1 |  1.1
Dodging        | |  1.5
Stealth        | |  1.5

Action                   |  1- 3 |  4- 6 |  7- 9 | 10-12 || total
-------------------------+-------+-------+-------+-------++-------
Melee: Unarmed           |    16 |       |       |       ||    16
       Short sword       |    14 |    81 |       |       ||    95
       Falchion          |       |    59 |    47 |       ||   106
       Dagger            |       |    13 |       |       ||    13
       Halberd           |       |       |   126 |   200 ||   326
Throw: Tomahawk          |       |     4 |       |       ||     4
 Cast: Pain              |    45 |    41 |    37 |     7 ||   130
       Animate Skeleton  |    18 |    11 |     3 |     3 ||    35
       Animate Dead      |       |    12 |    14 |    11 ||    37
       Vampiric Draining |       |     5 |    23 |    21 ||    49
       Sandblast         |       |       |     9 |     9 ||    18
Evoke: Wand              |       |     6 |       |     2 ||     8
  Use: Scroll            |     1 |     3 |     7 |     9 ||    20
 Stab: Sleeping          |     1 |     3 |    10 |       ||    14
       Distracted        |       |     1 |     2 |       ||     3
Armor: Robe              |    24 |    30 |    26 |       ||    80
       Leather armour    |       |       |    23 |    48 ||    71
Dodge: Dodged            |    57 |   125 |   154 |   211 ||   547
       Rpst.: Falchion   |       |    20 |    13 |       ||    33

Table legend:
 A = Non-vault XP
 B = Vault XP
 C = Vault XP percentage of total XP
 D = Non-vault monster count
 E = Vault monster count
 F = Vault count percentage of total count
                 A         B        C        D         E       F
            +---------+---------+-------+---------+---------+-------
      Total |    5157 |    5988 |  53.7 |     193 |      46 |  19.2
            +---------+---------+-------+---------+---------+-------
        D:1 |      36 |       8 |  18.2 |      18 |       4 |  18.2
        D:2 |     170 |      55 |  24.4 |      38 |       8 |  17.4
        D:3 |     126 |      46 |  26.7 |      24 |       1 |   4.0
        D:4 |     123 |     287 |  70.0 |      10 |       1 |   9.1
        D:5 |     399 |     934 |  70.1 |      14 |       3 |  17.6
        D:6 |     342 |     314 |  47.9 |      15 |       3 |  16.7
        D:7 |    1059 |     466 |  30.6 |      30 |       1 |   3.2
        D:8 |    1077 |    2690 |  71.4 |      24 |      19 |  44.2
        D:9 |    1825 |    1188 |  39.4 |      20 |       6 |  23.1
            +---------+---------+-------+---------+---------+-------
